 Dungeon Crawl Stone Soup version 0.27-a0-1245-g940ed4fa31 (webtiles) character file.

Game seed: 16542664402849794235

2600 pokeman the Thaumaturge (level 9, -2/49 HPs)
             Began as a Deep Elf Hedge Wizard on June 9, 2021.
             Was a Follower of Vehumet.
             Slain by an ogre
             ... wielding a +0 giant club
              (19 damage)
             ... on level 7 of the Dungeon.
             The game lasted 00:20:23 (10071 turns).

pokeman the Thaumaturge (Deep Elf Hedge Wizard)    Turns: 10071, Time: 00:20:24

Health: -2/49      AC: 10    Str:  7    XL:     9   Next: 33%
Magic:  18/26      EV: 13    Int: 23    God:    Vehumet [*.....]
Gold:   289        SH:  0    Dex: 14    Spells: 18/30 levels left

rFire    . . .     SeeInvis .   i - +0 long sword (elec)
rCold    . . .     Faith    .   (no shield)
rNeg     . . .     Spirit   .   L - +0 steam dragon scales
rPois    .         Reflect  .   c - +0 hat
rElec    .         Harm     .   h - +0 cloak
rCorr    .         Rampage  .   x - +1 pair of gloves
Will     .....                  v - +0 pair of boots
Stlth    +.........             (no amulet)
HPRegen  0.16/turn              (no ring)
MPRegen  0.20/turn              (no ring)

@: confused
A: no striking features
a: Renounce Religion


You were on level 7 of the Dungeon.
You worshipped Vehumet.
Vehumet was aware of your devotion.
You visited 2 branches of the dungeon, and saw 8 of its levels.
You also visited: Sewer.

You collected 386 gold pieces.
You spent 97 gold pieces at shops.

Inventory:

Hand Weapons
 b - a +0 shortbow
 i - a +0 long sword of electrocution (weapon)
 H - a +3 quarterstaff of chaos
Missiles
 n - a throwing net
 q - 8 atropa-tipped darts
 r - 97 arrows
 J - 7 curare-tipped darts
Armour
 c - a +0 hat (worn)
 f - a +2 ring mail of poison resistance
 h - a +0 cloak (worn)
 v - a +0 pair of boots (worn)
 x - a +1 pair of gloves (worn)
 K - a +0 kite shield
 L - +0 steam dragon scales (worn)
Magical Staves
 y - a staff of poison
Jewellery
 z - a ring of ice
Wands
 w - a wand of iceblast (16)
 C - a wand of mindburst (16)
Scrolls
 a - 6 scrolls of teleportation
 j - 2 scrolls of enchant weapon
 l - 2 scrolls of amnesia {unknown}
 m - a scroll of blinking {unknown}
 o - a scroll of noise {unknown}
 p - 2 scrolls of fog
 s - a scroll of vulnerability {unknown}
 A - a scroll of magic mapping
 G - a scroll of enchant armour {unknown}
 I - a scroll of silence {unknown}
Potions
 d - 3 potions of might {unknown}
 e - a potion of haste
 k - 2 potions of lignification
 t - 3 potions of flight {unknown}
 u - 5 potions of curing {unknown}
 B - a potion of degeneration {unknown}
 D - 2 potions of heal wounds {unknown}
 E - 2 potions of attraction {unknown}
 F - a potion of invisibility {unknown}


   Skills:
 + Level 2.9 Fighting
 - Level 3.0 Armour
 - Level 3.0 Dodging
 - Level 3.1 Stealth
 * Level 11.2 Spellcasting
 + Level 6.2 Conjurations
 - Level 1.1 Summonings
 - Level 1.1 Translocations
 + Level 5.1 Fire Magic
 - Level 1.2 Air Magic
 - Level 1.1 Poison Magic
 - Level 1.1 Evocations


You had 18 spell levels left.
You knew the following spells:

 Your Spells              Type           Power      Damage    Failure   Level
a - Magic Dart            Conj           100%       1d8       1%          1
b - Mephitic Cloud        Conj/Pois/Air  25%        N/A       4%          3
c - Call Imp              Summ           17%        N/A       4%          2
d - Blink                 Tloc           N/A        N/A       4%          2
e - Conjure Flame         Conj/Fire      38%        6-21      1%          3
f - Shock                 Conj/Air       100%       1d9       1%          1

Your spell library contained the following spells:

 Spells                   Type           Power      Damage    Failure   Level
 Summon Small Mammal      Summ           68%        N/A       3%          1
 Slow                     Hex            12%        N/A       8%          2
 Call Canine Familiar     Summ           17%        N/A       10%         3
 Gell's Gravitas          Tloc           8%         N/A       10%         3
 Summon Guardian Golem    Hex/Summ       15%        N/A       12%         3
 Confusing Touch          Hex            12%        N/A       16%         3
 Summon Lightning Spire   Summ/Air       18%        N/A       30%         4
 Summon Ice Beast         Ice/Summ       15%        N/A       36%         4
 Petrify                  Tmut/Erth      12%        N/A       45%         4
 Metabolic Englaciation   Hex/Ice        6%         N/A       80%         5
 Yara's Violent Unravell  Hex/Tmut       6%         3d5       80%         5


Dungeon Overview and Level Annotations

Branches:
Dungeon (7/15)             Temple (1/1) D:4           Sewer (visited)

Altars:
Ashenzari
Fedhas
Gozag
Makhleb
Okawaru
Sif Muna
Vehumet
Zin
The Shining One

Shops:
D:1 :   D:3 ?=(   D:4 =   D:5 :


Message History

Your crimson imp closely misses the ogre.
The ogre hits your crimson imp with a +0 giant club!!
Your crimson imp dies!
The white imp gestures at you. The puff of frost hits you!
You open the door.
There is an open door here.
Casting: Call Imp (safe; 4% risk of failure)
Confirm with . or Enter, or press ? or * to list all spells.
The fire begins to smoulder!
The ogre smothers the flame.
Casting: Conjure Flame (safe; 1% risk of failure)
Confirm with . or Enter, or press ? or * to list all spells.
Aiming: Mephitic Cloud (dangerous; 4% risk of failure)
Press: ? - help, Shift-Dir - straight line, f - ogre
Aim: an ogre, wielding a +0 giant club (chance to affect: 77%) That beam is likely to hit you.
Continue anyway?
The ball explodes into a vile cloud!
The stinking cloud engulfs the ogre but does no damage.
The stinking cloud engulfs you but does no damage.
You are engulfed in noxious fumes.
You choke on the stench!
You are confused.
The ogre is engulfed in noxious fumes.
The ogre appears confused.
The ogre closely misses you.
Unknown command.
You slash the ogre! Lightning courses through the ogre!
The ogre is severely wounded.
You are engulfed in noxious fumes.
You choke on the stench!
You are more confused.
The ogre is engulfed in noxious fumes.
The ogre appears confused.
The ogre closely misses you.
Unknown command.
You are engulfed in noxious fumes.
You choke on the stench!
You are more confused.
Unknown command.
You bump into the rock wall.
You are engulfed in noxious fumes.
The white imp laughs crazily.
The ogre is engulfed in noxious fumes.
The ogre appears confused.
The ogre hits you with a +0 giant club!!
You die...

..#.#.#####...##.# .....##
#..###.# ..#.## #......# #...#
##.##### .#. ##.## ##+# ..... #.#
##...# #....# #. #.# ##.....##
#..#.# .. ##.## #.......##
##....## .#
#...####........@####.........##.
.......'.......<☼O5g.......#.....
#.[.##.#.........##.....##..5..
##.## .##.......###.....##.#.#.#
##.# .###.....## #............#
...###.####...# #.....######...
....#.....##'# #.....#
###.#..##.##.#### ###.###
###.#...........# #.#


You could see an ogre (confused), a gnoll sergeant and a white imp.

Vanquished Creatures
  Maggie (D:7)
  Menkaure (D:6)
  2 black bears
  An ice beast (D:5)
  5 ogres
  2 sky beasts (D:6)
  A centaur (D:6)
  A kobold brigand (Sewer)
  2 bullfrogs (D:6)
  A water moccasin zombie (D:5)
  A wyvern skeleton (D:4)
  A water moccasin skeleton (D:4)
  3 howler monkeys (D:7)
  A jelly (D:5)
  3 orc priests
  Crazy Yiuf (D:6)
  5 hounds
  5 iguanas
  Terence (D:2)
  An orc wizard (D:7)
  2 hound skeletons
  A howler monkey zombie (D:7)
  A gnoll (D:3)
  8 adders
  3 river rats
  A shadow imp (D:6)
  An ufetubus (D:4)
  An adder skeleton (D:4)
  3 dart slugs
  4 orcs
  7 ball pythons
  5 bats
  4 endoplasms
  5 giant cockroaches
  7 goblins
  7 hobgoblins
  7 jackals
  7 kobolds
  3 frilled lizards
  12 rats
128 creatures vanquished.

Vanquished Creatures (collateral kills)
  A necrophage (D:4)
  A giant cockroach (D:4)
  A ball python (D:4)
3 creatures vanquished.

Vanquished Creatures (others)
  3 fungi (D:6)
  13 plants (D:4)
16 creatures vanquished.

Grand Total: 147 creatures vanquished

Notes
Turn   | Place    | Note
-------+----------+-------------------------------------------
     0 | D:1      | pokeman the Deep Elf Hedge Wizard began the quest for the
                  | Orb.
     0 | D:1      | Reached XP level 1. HP: 10/10 MP: 7/7
   297 | D:1      | Reached XP level 2. HP: 16/16 MP: 6/9
  1058 | D:1      | Reached skill level 5 in Spellcasting
  1218 | D:1      | Found Qyep's Book Shop.
  1482 | D:2      | Reached XP level 3. HP: 20/20 MP: 7/11
  1486 | D:2      | Learned a level 3 spell: Mephitic Cloud
  1489 | D:2      | Learned a level 2 spell: Call Imp
  1492 | D:2      | Learned a level 2 spell: Blink
  1496 | D:2      | Learned a level 3 spell: Conjure Flame
  1748 | D:2      | Noticed Terence
  1760 | D:2      | Killed Terence
  1761 | D:2      | Reached skill level 1 in Fighting
  1761 | D:2      | Reached skill level 1 in Armour
  1761 | D:2      | Reached XP level 4. HP: 25/25 MP: 9/13
  2287 | D:2      | Found a faded altar of an unknown god.
  2615 | D:3      | Found Bitiec's Antique Weapon Shop.
  3021 | D:3      | Reached skill level 6 in Spellcasting
  3021 | D:3      | Reached skill level 1 in Fire Magic
  3021 | D:3      | Reached XP level 5. HP: 28/29 MP: 7/15
  3272 | D:3      | Found Liewoadgh's Jewellery Shoppe.
  3737 | D:3      | Found Maxih's Magic Scroll Shop.
  3741 | D:3      | Bought a scroll of identify for 26 gold pieces
  3741 | D:3      | Bought a scroll of magic mapping for 45 gold pieces
  3741 | D:3      | Bought a scroll of fog for 26 gold pieces
  3929 | D:4      | Noticed a black bear
  3951 | D:4      | Reached skill level 1 in Air Magic
  4085 | D:4      | Reached skill level 1 in Poison Magic
  4085 | D:4      | Reached XP level 6. HP: 17/34 MP: 11/17
  4112 | D:4      | Found a glowing drain.
  4133 | Sewer    | Entered a sewer
  4421 | Sewer    | Reached skill level 7 in Spellcasting
  4731 | Sewer    | Found a white marble altar of Elyvilon.
  5180 | D:4      | Reached XP level 7. HP: 36/39 MP: 10/20
  5248 | D:4      | Found Daxkaz's Jewellery Shoppe.
  5748 | D:4      | Found a staircase to the Ecumenical Temple.
  5764 | Temple   | Entered the Ecumenical Temple
  5772 | Temple   | Became a worshipper of Vehumet
  5901 | D:4      | Reached skill level 8 in Spellcasting
  6197 | D:5      | Entered Level 5 of the Dungeon
  6230 | D:5      | Reached skill level 1 in Evocations
  6659 | D:5      | Reached XP level 8. HP: 32/44 MP: 14/22
  6805 | D:5      | Reached skill level 9 in Spellcasting
  7238 | D:5      | Found Vinu's Book Boutique.
  7726 | D:5      | Found a glowing golden altar of the Shining One.
  8101 | D:6      | Reached skill level 5 in Conjurations
  8409 | D:6      | Reached skill level 10 in Spellcasting
  8849 | D:6      | Reached XP level 9. HP: 49/49 MP: 20/25
  9069 | D:6      | Found a runed translucent door.
  9070 | D:6      | Noticed Crazy Yiuf
  9078 | D:6      | Killed Crazy Yiuf
  9151 | D:7      | Noticed Maggie
  9151 | D:7      | Noticed Menkaure
  9159 | D:6      | Killed Menkaure
  9878 | D:7      | Killed Maggie
  9879 | D:7      | Reached skill level 11 in Spellcasting
  9879 | D:7      | Reached skill level 5 in Fire Magic
 10029 | D:7      | Reached * piety under Vehumet
 10029 | D:7      | Offered knowledge of Shock by Vehumet.
 10032 | D:7      | Learned a level 1 spell: Shock
 10071 | D:7      | Slain by an ogre

Illustrated notes

Levels and vault maps discovered:
D:1:      minmay_arrival_stair_chambers, layout_basic, serial_shops, shop
D:2:      layout_loops_corners, basic_ecumenical_altar, minmay_pentomino_z2,
          uniq_terence
D:3:      layout_basic, serial_shops, shop, nicolae_shop_behind_doors, shop,
          hangedman_abyss_or_decor_stabs, minmay_distorted
D:4:      layout_basic, minmay_temple_entry_proselytizer, portal_sewer_entry_b,
          serial_shops, kennysheep_mini_moat, serial_forest,
          infiniplex_forest_clump_small, infiniplex_forest_clump_curved,
          infiniplex_forest_straight_3, infiniplex_forest_end_3,
          infiniplex_forest_zigzag_2, minmay_surrounded
D:5:      layout_layer_cave, tso_altar, serial_shops, nicolae_shop_behind_doors
D:6:      layout_basic, serial_co_window_serial, co_window_of_opportunity_a,
          co_window_of_opportunity_a, co_window_paths_b, co_window_paths_b,
          co_window_of_opportunity_a, co_window_paths_c, co_window_cross_4,
          co_window_2corner, co_window_paths_e, glass_columns_a,
          glass_columns_a, uniq_crazy_yiuf_cottage
D:7:      layout_loops_corners, amcnicky_altar_gilded, minmay_fractal_squares_5,
          uniq_maggie, uniq_menkaure
Temple:   eino_temple_lava

Skill      XL: |  1  2  3  4  5  6  7  8  9 |
---------------+----------------------------+-----
Spellcasting   | 5 6 7 8 10 11 | 11.2
Fighting       | 1 2 |  2.9
Armour         | 1 2 3 |  3.0
Conjurations   | 2 3 4 5 6 |  6.2
Fire Magic     | 1 3 4 5 |  5.1
Dodging        | 3 |  3.0
Air Magic      | 1 |  1.2
Poison Magic   | 1 |  1.1
Stealth        | 3 |  3.1
Evocations     | 1 |  1.1
Summonings     | |  1.1
Translocations | |  1.1

Action                   |  1- 3 |  4- 6 |  7- 9 || total
-------------------------+-------+-------+-------++-------
Melee: Dagger            |    31 |       |       ||    31
       Long sword        |     4 |    41 |    48 ||    93
 Fire: Shortbow          |       |    15 |       ||    15
 Cast: Magic Dart        |    66 |    90 |   112 ||   268
       Mephitic Cloud    |     1 |     6 |    16 ||    23
       Conjure Flame     |       |     7 |    20 ||    27
       Call Imp          |       |     7 |     1 ||     8
       Blink             |       |     3 |     2 ||     5
       Shock             |       |       |     4 ||     4
  Use: Scroll            |       |     4 |     1 ||     5
 Stab: Sleeping          |       |     2 |     1 ||     3
       Confused          |       |     2 |     2 ||     4
Armor: Leather armour    |    21 |    25 |    13 ||    59
Dodge: Dodged            |    31 |    70 |    42 ||   143
       Rpst.: Long sword |     2 |    23 |    11 ||    36

Table legend: (Time is in decaauts)
 A = Elapsed time spent in this place.
 B = Non-inter-level travel time spent in this place.
 C = Inter-level travel time spent in this place.
 D = Time resting spent in this place.
 E = Time spent auto-exploring this place.
 F = Levels seen in this place.
 G = Mean time per level.
                   A        B        C        D        E       F      G
               +--------+--------+--------+--------+--------+-----+--------+
         Total |  10140 |   9742 |    398 |    307 |   7910 |   9 | 1126.7 |
       Dungeon |   9452 |   9061 |    391 |     93 |   7500 |   7 | 1350.3 |
        Temple |     16 |      9 |      7 |      0 |      0 |   1 |   16.0 |
         Sewer |    671 |    671 |      0 |    214 |    410 |   1 |  671.0 |
               +--------+--------+--------+--------+--------+-----+--------+

Top non-repeatable levels by time:
     D:4: 1824 daAuts
     D:5: 1611 daAuts
     D:3: 1372 daAuts
     D:6: 1295 daAuts
     D:1: 1279 daAuts
     D:2: 1180 daAuts
     D:7: 890 daAuts
   Sewer: 671 daAuts
  Temple: 16 daAuts
